 Dungeon Crawl Stone Soup version 0.28-a0-1555-g9ae15a6949 (webtiles) character file.

Game seed: 11967808544630129023

212 lunkers the Sneak (level 5, -2/35 HPs)
             Began as a Vampire Enchanter on Jan 19, 2022.
             Was an Initiate of Ashenzari.
             Slain by Natasha (6 damage)
             ... on level 4 of the Dungeon.
             The game lasted 00:05:46 (2945 turns).

lunkers the Sneak (Vampire Enchanter)               Turns: 2945, Time: 00:05:46

Health: -2/35      AC:  3    Str:  7    XL:     5   Next: 58%
Magic:  1/8        EV: 12    Int: 19    God:    Ashenzari [......]
Gold:   158        SH:  0    Dex: 15    Spells: 0/8 levels left

rFire   . . .      SeeInvis +   a - +1 dagger
rCold   . . .      Faith    .   (no shield)
rNeg    . . .      Spirit   .   b - +0 robe
rPois   .          Reflect  .   k - +0 helmet
rElec   .          Harm     .   (no cloak)
rCorr   .          Rampage  .   (no gloves)
Will    .....                   (no boots)
Stlth   +++.......              (no amulet)
HPRegen 0.31/turn               (no ring)
MPRegen 0.11/turn               (no ring)

@: healing quickly, slowed, invisible, very slow
A: alive, fangs 3, see invisible, vampiric 2
a: Exsanguinate, Renounce Religion


You were on level 4 of the Dungeon.
You worshipped Ashenzari.
Ashenzari was noncommittal.
You visited 2 branches of the dungeon, and saw 5 of its levels.

You collected 158 gold pieces.

Inventory:

Hand Weapons
 a - a +1 dagger (weapon)
Armour
 b - a +0 robe (worn)
 k - a +0 helmet (worn)
Scrolls
 g - a scroll of enchant weapon {unknown}
 h - a scroll of enchant armour {unknown}
 i - a scroll of torment {unknown}
 j - a scroll of silence
 p - a scroll of noise {unknown}
 q - a scroll of identify {unknown}
Potions
 d - a potion of haste {unknown}
 e - a potion of resistance {unknown}
 l - a potion of ambrosia {unknown}
 m - a potion of mutation {unknown}
 n - a potion of lignification {unknown}
 o - a potion of might {unknown}


   Skills:
 + Level 3.5 Short Blades
 - Level 2.1 Dodging
 + Level 6.7 Stealth
 - Level 2.0 Spellcasting
 + Level 6.4 Hexes


You couldn't memorise any spells.
You knew the following spells:

 Your Spells              Type           Power      Damage    Failure   Level
b - Ensorcelled Hibernat  Hex/Ice        28%        N/A       7%          2
c - Confusing Touch       Hex            26%        N/A       3%          3
d - Tukima's Dance        Hex            26%        N/A       3%          3

Your spell library contained the following spells:

 Spells                   Type           Power      Damage    Failure   Level
 Dazzling Flash           Conj/Hex       28%        N/A       14%         3
 Animate Skeleton         Necr           2%         N/A       17%         1
 Apportation              Tloc           2%         N/A       17%         1
 Summon Small Mammal      Summ           4%         N/A       17%         1
 Gell's Gravitas          Tloc           1%         N/A       45%         3
 Lesser Beckoning         Tloc           1%         N/A       45%         3
 Teleport Other           Tloc           1%         N/A       45%         3


Dungeon Overview and Level Annotations

Branches:
Dungeon (4/15)             Temple (1/1) D:4

Altars:
Ashenzari
Cheibriados
Dithmenos
Elyvilon
Fedhas
Gozag
Hepliaklqana
Kikubaaqudgha
Makhleb
Nemelex Xobeh
Okawaru
Qazlal
Ru
Sif Muna
Uskayaw
Vehumet
Wu Jian
Xom
Yredelemnul
Zin
The Shining One

Annotations:
D:4 1 transporter, Natasha; comborobin's ghost, amateur OpCA


Innate Abilities, Weirdness & Mutations

Your natural rate of healing is accelerated.
You have razor-sharp teeth.
You have supernaturally acute eyesight. (SInv)
You are afflicted with vampirism and can become a bat while bloodless.


Message History

Casting: Ensorcelled Hibernation (safe; 7% risk of failure)
Confirm with . or Enter, or press ? or * to list all spells.
Aiming: Ensorcelled Hibernation (safe; 7% risk of failure)
Press: ? - help, Shift-Dir - straight line, f/p - Natasha
Aim: Natasha, carrying a wand of digging (7) (chance to affect: 48%) Natasha resists with some effort.
Natasha claws you but does no damage.
Natasha casts a spell.
Casting: Ensorcelled Hibernation (safe; 7% risk of failure)
Confirm with . or Enter, or press ? or * to list all spells.
Aiming: Ensorcelled Hibernation (safe; 7% risk of failure)
Press: ? - help, Shift-Dir - straight line, f/p - Natasha
Aim: Natasha, carrying a wand of digging (7) (chance to affect: 48%) Natasha resists with some effort.
Natasha barely misses you.
Unknown command.
Casting: Ensorcelled Hibernation (safe; 7% risk of failure)
Confirm with . or Enter, or press ? or * to list all spells.
Aiming: Ensorcelled Hibernation (safe; 7% risk of failure)
Press: ? - help, Shift-Dir - straight line, f/p - Natasha
Aim: Natasha, carrying a wand of digging (7) (chance to affect: 48%) Natasha resists with some effort.
* * * LOW MAGIC WARNING * * *
The shadow imp barely misses you. Natasha barely misses you.
The shadow imp hits you.
* * * LOW HITPOINT WARNING * * *
Natasha claws you but does no damage.
Found a silvery potion.
The shadow imp hits you.
* * * LOW HITPOINT WARNING * * *
Natasha mumbles some strange words.
As you read the scroll labelled IRUOQOTIPS, it crumbles to dust.
Wisps of shadow whirl around you...
It was a scroll of summoning.
The shadow imp closely misses you. Natasha casts a spell at you.
The magic dart hits you.
* * * LOW HITPOINT WARNING * * *
The shadow imp misses you.
Okay, then.
You fade into invisibility!
Your adder barely misses the shadow imp.
The crimson imp blinks!
Natasha claws you.
You die...

#......................
#......................
#......................
#...............(......
#......................
#......................
#......................
###......Z..<............
......gg@S...............
....5..h5.......
.........ยง.......
.................
.............[..
................
.............$.!
###.............
#############


You could see Natasha (ally target), a crimson imp (summoned), a shadow imp
(summoned, ally target), a friendly adder (summoned), 2 friendly goblins and a
friendly water moccasin skeleton (summoned).

Vanquished Creatures
  A scorpion (D:3)
  A hound (D:4)
  Terence (D:2)
  Robin (D:2)
  3 adders
  A worm (D:3)
  A dart slug (D:1)
  2 orcs (D:3)
  5 ball pythons
  5 endoplasms
  5 giant cockroaches
  10 goblins
  5 hobgoblins
  A quokka (D:1)
  4 bats
  7 frilled lizards
  3 kobolds
  4 rats
60 creatures vanquished.

Notes
Turn   | Place    | Note
-------+----------+-------------------------------------------
     0 | D:1      | lunkers the Vampire Enchanter began the quest for the Orb.
     0 | D:1      | Reached XP level 1. HP: 13/13 MP: 3/3
   218 | D:1      | Reached XP level 2. HP: 19/19 MP: 5/5
   221 | D:1      | Learned a level 2 spell: Ensorcelled Hibernation
   415 | D:1      | Found a faded altar of an unknown god.
   504 | D:1      | Reached skill level 5 in Stealth
   638 | D:1      | Reached skill level 5 in Hexes
   814 | D:2      | Noticed Robin
   827 | D:2      | Gained mutation: You are afflicted with vampirism and can
                  | become a bat while bloodless. [Vampire growth]
   827 | D:2      | Reached XP level 3. HP: 11/24 MP: 6/6
   983 | D:2      | Killed Robin
  1160 | D:2      | Noticed Terence
  1189 | D:2      | Killed Terence
  1190 | D:2      | Reached XP level 4. HP: 30/30 MP: 0/7
  2526 | D:4      | Noticed a scorpion
  2530 | D:3      | Killed a scorpion
  2531 | D:3      | Reached XP level 5. HP: 30/35 MP: 5/8
  2535 | D:3      | Learned a level 3 spell: Confusing Touch
  2539 | D:3      | Learned a level 3 spell: Tukima's Dance
  2594 | D:4      | Found a staircase to the Ecumenical Temple.
  2608 | Temple   | Entered the Ecumenical Temple
  2864 | Temple   | Became a worshipper of Ashenzari the Shackled
  2917 | D:4      | Found a transporter.
  2919 | D:4      | Noticed comborobin's ghost (amateur OpCA)
  2934 | D:4      | Noticed Natasha
  2945 | D:4      | Slain by Natasha

Illustrated notes

Levels and vault maps discovered:
D:1:      minmay_arrival_cross, layout_basic,
          shapermc_ecumenical_altar_mp_highgroup
D:2:      layout_loops_cross, amethyst_killhole, minmay_misc_feat_roman,
          uniq_robin, uniq_terence
D:3:      layout_basic, hangedman_decor_slide_cut, grunt_ministairs_9,
          minmay_misc_feat_room
D:4:      layout_basic, minmay_temple_entry_offerings, gammafunk_ghost_arena,
          uniq_natasha
Temple:   mainiacjoe_temple_hex_bubbles

Skill      XL: |  1  2  3  4 |
---------------+-------------+-----
Stealth        | 5 6 |  6.7
Short Blades   | 2 3 |  3.5
Hexes          | 5 6 |  6.4
Dodging        | |  2.1
Spellcasting   | |  2.0

Action                   |  1- 3 |  4- 6 || total
-------------------------+-------+-------++-------
Melee: Dagger            |   132 |    42 ||   174
       Bite              |     7 |     1 ||     8
       Punch             |     1 |       ||     1
 Cast: Ensorcelled Hiber |    11 |    12 ||    23
  Use: Scroll            |       |     2 ||     2
       Potion            |       |     1 ||     1
 Stab: Sleeping          |    13 |    14 ||    27
       Distracted        |       |     2 ||     2
Armor: Robe              |    20 |     9 ||    29
Dodge: Dodged            |    86 |    20 ||   106

Table legend: (Time is in decaauts)
 A = Elapsed time spent in this place.
 B = Non-inter-level travel time spent in this place.
 C = Inter-level travel time spent in this place.
 D = Time resting spent in this place.
 E = Time spent auto-exploring this place.
 F = Levels seen in this place.
 G = Mean time per level.
                   A        B        C        D        E       F      G
               +--------+--------+--------+--------+--------+-----+--------+
         Total |   2932 |   2837 |     95 |    150 |   2060 |   5 |  586.4 |
       Dungeon |   2651 |   2603 |     48 |    150 |   1828 |   4 |  662.8 |
        Temple |    280 |    233 |     47 |      0 |    232 |   1 |  280.0 |
               +--------+--------+--------+--------+--------+-----+--------+

Top non-repeatable levels by time:
     D:2: 909 daAuts
     D:1: 812 daAuts
     D:3: 807 daAuts
  Temple: 280 daAuts
     D:4: 121 daAuts
